 Dungeon Crawl Stone Soup version 0.29-a0-284-gf9362112df (webtiles) character file.

Game seed: 727639388080899721

5190 siradein the Merchant of Misery (level 10, -8/75 HPs)
             Began as a Demonspawn Necromancer on Mar 29, 2022.
             Was a Believer of Kikubaaqudgha.
             Mangled by a six-headed hydra (11 damage)
             ... on level 9 of the Dungeon.
             The game lasted 00:40:41 (10554 turns).

siradein the Merchant of Misery (DsNe)             Turns: 10554, Time: 00:40:42

Health: -8/75      AC:  6    Str: 14    XL:     10   Next: 34%
Magic:  4/18       EV: 12    Int: 20    God:    Kikubaaqudgha [**....]
Gold:   431        SH: 19    Dex: 13    Spells: 12/20 levels left

rFire   . . .      SeeInvis .   a - +2 dagger (pain)
rCold   . . .      Faith    .   P - +0 kite shield
rNeg    + . .      Spirit   .   l - +0 steam dragon scales
rPois   +          Reflect  +   (helmet unavailable)
rElec   .          Harm     .   (no cloak)
rCorr   +          Rampage  .   q - +0 pair of gloves
Will    .....                   (no boots)
Stlth   ++........              J - amulet of reflection
HPRegen 0.22/turn               C - ring of poison resistance
MPRegen 0.16/turn               D - ring of Linearity {rPois rN+ rCorr Str+4}

@: no status effects
A: horns 3, large bone plates 2
a: Renounce Religion, Receive Corpses


You were on level 9 of the Dungeon.
You worshipped Kikubaaqudgha.
Kikubaaqudgha was pleased with you.
You visited 2 branches of the dungeon, and saw 10 of its levels.

You collected 431 gold pieces.

Inventory:

Hand Weapons
 a - a +2 dagger of pain (weapon)
 b - a +1 hunting sling of freezing
 e - a +3 flail
Missiles
 I - a throwing net
Armour
 l - +0 steam dragon scales (worn)
 q - a +0 pair of gloves (worn)
 P - a +0 kite shield (worn)
Jewellery
 s - the amulet "Yrearead" {Spirit Regen+ Int+4 Dex+2}
   (You acquired it on level 3 of the Dungeon)

   [amulet of guardian spirit]

   It causes incoming damage to be divided between your reserves of health and
   magic.
   Int:       It affects your intelligence (+4).
   Dex:       It affects your dexterity (+2).
   Regen:     It increases your rate of health regeneration.
 v - a ring of protection from fire
 x - a ring of protection from fire
 C - a ring of poison resistance (left hand)
 D - the ring of Linearity (right hand) {rPois rN+ rCorr Str+4}
   (You took it off a gnoll on level 5 of the Dungeon)

   [ring of resist corrosion]

   Str:       It affects your strength (+4).
   rPois:     It protects you from poison.
   rN:        It protects you from negative energy.
   rCorr:     It protects you from acid and corrosion.
 J - an amulet of reflection (around neck)
 L - a ring of ice
Wands
 o - a wand of paralysis (10)
 y - a wand of flame (16)
 G - a wand of acid (6)
 M - a wand of iceblast (7)
 N - a wand of mindburst (30)
 O - a wand of digging (2)
Scrolls
 c - 3 scrolls of acquirement
 g - 2 scrolls of magic mapping {unknown}
 i - 5 scrolls of teleportation {unknown}
 m - 2 scrolls of brand weapon {unknown}
 n - a scroll of noise {unknown}
 p - a scroll of fog {unknown}
 t - a scroll of vulnerability {unknown}
 u - a scroll of enchant weapon {unknown}
 E - a scroll of silence {unknown}
 F - 4 scrolls of amnesia {unknown}
Potions
 d - 2 potions of cancellation
 f - 3 potions of magic
 h - a potion of brilliance {unknown}
 j - a potion of mutation {unknown}
 k - 3 potions of lignification
 r - 2 potions of flight
 w - 3 potions of curing
 z - a potion of degeneration {unknown}
 A - 2 potions of berserk rage
 B - 3 potions of haste {unknown}
 H - a potion of might {unknown}
 K - 2 potions of attraction {unknown}


   Skills:
 + Level 5.6 Fighting
 + Level 4.9 Maces & Flails
 + Level 3.3 Armour
 + Level 5.5 Dodging
 - Level 1.7 Stealth
 + Level 3.3 Shields
 + Level 5.5 Spellcasting
 * Level 10.1 Necromancy
 + Level 2.3 Evocations


You had 12 spell levels left.
You knew the following spells:

 Your Spells              Type           Power      Damage    Failure   Level
a - Vampiric Draining     Necr           46%        2d9       1%          3
b - Animate Dead          Necr           23%        N/A       5%          4
c - Pain                  Necr           100%       1d9       1%          1

Your spell library contained the following spells:

 Spells                   Type           Power      Damage    Failure   Level
 Animate Skeleton         Necr           92%        N/A       1%          1
 Corpse Rot               Necr/Air       50%        N/A       6%          2
 Agony                    Necr           46%        N/A       14%         5
 Sandblast                Erth           10%        2d5       34%         1
 Shock                    Conj/Air       20%        1d4       34%         1
 Summon Small Mammal      Summ           20%        N/A       34%         1
 Passwall                 Tmut/Erth      4%         N/A       45%         2
 Call Canine Familiar     Summ           5%         N/A       71%         3
 Ignite Poison            Fire/Tmut/Pois 5%         N/A       71%         3
 Mephitic Cloud           Conj/Pois/Air  5%         N/A       71%         3
 Stone Arrow              Conj/Erth      10%        3d7       71%         3
 Summon Guardian Golem    Hex/Summ       5%         N/A       71%         3
 Swiftness                Air            5%         N/A       71%         3
 Airstrike                Air            2%         N/A       98%         4
 Fulminant Prism          Conj/Hex       2%         3d6       98%         4
 Iskenderun's Mystic Bla  Conj/Tloc      5%         2d3       98%         4
 Freezing Cloud           Conj/Ice/Air   2%         6-21      100%        5
 Lee's Rapid Deconstruct  Erth           2%         3d6*      100%        5


Dungeon Overview and Level Annotations

Branches:
Dungeon (9/15)             Temple (1/1) D:6            Lair (0/6) D:8
    Orc: D:9-12

Altars:
Ashenzari
Cheibriados
Dithmenos
Kikubaaqudgha
Makhleb
Nemelex Xobeh
Sif Muna
Trog
Vehumet
Xom
Yredelemnul
Zin
The Shining One

Shops:
D:1 (   D:7 (

Annotations:
D:6 1 runed translucent door
D:8 3 runed translucent doors, spaghetti's ghost, novice DjCA


Innate Abilities, Weirdness & Mutations

You have a pair of large horns on your head.
You are mostly covered in large bone plates. (SH +6)


Message History

You block the six-headed hydra's attack. x2
Unknown command.
You are too injured to fight recklessly!
You are too injured to fight recklessly!
Aiming: Vampiric Draining (safe; 1% risk of failure)
Press: ? - help, Q - select action, (/) - cycle Shift-Dir - straight line, f/p - six-headed hydra
Aim: a six-headed hydra (moderately wounded)
You draw life force from the six-headed hydra!
You feel life coursing into your body.
You block the six-headed hydra's attack.
The six-headed hydra bites you. The six-headed hydra bites you!
The six-headed hydra bites you.
The six-headed hydra bites you but does no damage.
You block the six-headed hydra's attack.
Aiming: Vampiric Draining (safe; 1% risk of failure)
Press: ? - help, Q - select action, (/) - cycle Shift-Dir - straight line, f/p - six-headed hydra
Aim: a six-headed hydra (heavily wounded)
You draw life force from the six-headed hydra.
You feel life coursing into your body.
The six-headed hydra bites you but does no damage.
You block the six-headed hydra's attack. x2
The six-headed hydra bites you!
* * * LOW HITPOINT WARNING * * *
The six-headed hydra bites you.
* * * LOW HITPOINT WARNING * * *
The six-headed hydra bites you but does no damage.
Aiming: Vampiric Draining (safe; 1% risk of failure)
Press: ? - help, Q - select action, (/) - cycle Shift-Dir - straight line, f/p - six-headed hydra
Aim: a six-headed hydra (heavily wounded)
You draw life force from the six-headed hydra!
You feel life coursing into your body! The six-headed hydra bites you.
* * * LOW HITPOINT WARNING * * *
You block the six-headed hydra's attack. x2
The six-headed hydra closely misses you.
The six-headed hydra bites you!
* * * LOW HITPOINT WARNING * * *
The six-headed hydra bites you!
You die...
Kikubaaqudgha rasps: "You have failed me!
Welcome... death!"

#.##..# ########.....#
#.......######.......
#.......# #.......
+...###.# #....... #.
#.).....######.......
+..##)#####.....#.......
#...).....#.....#.......
#......@D.'.....#.......
###########.....####'###
...................
#..##...#.......... #
#...#...#......
.##...#...#......
................>
#################


You could see a six-headed hydra.

Vanquished Creatures
  A two-headed ogre (D:8)
  Pikel (D:8)
  Sigmund (D:5)
  3 steam dragons
  2 wargs (D:8)
  An acid dragon (D:9)
  2 water moccasins
  An orc warrior (D:8)
  4 sky beasts
  2 ice beasts
  2 ogres
  3 bullfrogs (D:7)
  2 necrophages
  2 gnoll sergeants
  4 scorpions
  6 killer bees
  2 hounds
  2 jellies
  7 orc priests
  Ijyb (D:5)
  3 iguanas
  11 orc wizards
  5 adders
  20 gnolls
  2 shadow imps
  2 ufetubi (D:5)
  2 adder zombies (D:4)
  3 worms (D:3)
  3 dart slugs
  30 orcs
  7 endoplasms
  3 giant cockroaches
  5 hobgoblins
  2 quokkas
  8 ball pythons
  8 bats
  4 frilled lizards
  9 goblins
  12 kobolds
  9 rats
197 creatures vanquished.

Vanquished Creatures (collateral kills)
  Grinder (D:5)
  An ogre (D:5)
2 creatures vanquished.

Grand Total: 199 creatures vanquished

Notes
Turn   | Place    | Note
-------+----------+-------------------------------------------
     0 | D:1      | siradein the Demonspawn Necromancer began the quest for the
                  | Orb.
     0 | D:1      | Reached XP level 1. HP: 13/13 MP: 3/3
   432 | D:1      | Gained mutation: You have a pair of small horns on your
                  | head. [demonic ancestry]
   432 | D:1      | Reached XP level 2. HP: 11/20 MP: 5/5
   751 | D:1      | Found Xops's Antique Weapon Emporium.
   954 | D:1      | Reached skill level 1 in Fighting
  1300 | D:2      | Gained mutation: You have a pair of horns on your head.
                  | [demonic ancestry]
  1300 | D:2      | Reached XP level 3. HP: 26/26 MP: 6/6
  1315 | D:2      | Learned a level 3 spell: Vampiric Draining
  1695 | D:2      | Found a faded altar of an unknown god.
  1722 | D:2      | Reached skill level 5 in Necromancy
  1814 | D:2      | Reached XP level 4. HP: 32/32 MP: 7/7
  1856 | D:2      | Learned a level 4 spell: Animate Dead
  2225 | D:3      | Found a shadowy altar of Dithmenos.
  2424 | D:3      | Found a radiant altar of Vehumet.
  2714 | D:3      | Gained mutation: You have a pair of large horns on your
                  | head. [demonic ancestry]
  2714 | D:3      | Reached XP level 5. HP: 29/38 MP: 1/9
  2911 | D:3      | Reached skill level 1 in Maces & Flails
  3495 | D:3      | Identified 4 scrolls of acquirement
  3495 | D:3      | Acquired the amulet "Yrearead" {Spirit Regen+ Int+4 Dex+2}
  4286 | D:4      | Found a basalt altar of Yredelemnul.
  4433 | D:4      | Reached XP level 6. HP: 45/45 MP: 3/10
  4646 | D:5      | Entered Level 5 of the Dungeon
  4682 | D:5      | Noticed Sigmund
  4690 | D:5      | Killed Sigmund
  4691 | D:5      | Reached skill level 6 in Necromancy
  4727 | D:5      | Gained mutation: You are partially covered in large bone
                  | plates. (SH +4) [demonic ancestry]
  4727 | D:5      | Reached XP level 7. HP: 51/51 MP: 6/12
  4805 | D:5      | Noticed Ijyb
  4823 | D:5      | Killed Ijyb
  4931 | D:5      | Noticed Grinder
  4959 | D:5      | Killed Grinder
  4960 | D:5      | Reached skill level 7 in Necromancy
  5009 | D:5      | Found an ancient bone altar of Kikubaaqudgha.
  5022 | D:5      | Became a worshipper of Kikubaaqudgha
  5399 | D:5      | Reached XP level 8. HP: 56/59 MP: 11/13
  5449 | D:5      | Identified the ring of Linearity {rPois rN+ rCorr Str+4}
  6019 | D:5      | Reached skill level 8 in Necromancy
  6298 | D:6      | Reached * piety under Kikubaaqudgha
  6298 | D:6      | Received a gift from Kikubaaqudgha
  6299 | D:6      | Reached skill level 1 in Armour
  6305 | D:6      | Reached skill level 1 in Shields
  6352 | D:6      | Found a staircase to the Ecumenical Temple.
  6636 | D:6      | Gained mutation: You are mostly covered in large bone
                  | plates. (SH +6) [demonic ancestry]
  6636 | D:6      | Reached XP level 9. HP: 17/66 MP: 0/15
  6646 | Temple   | Entered the Ecumenical Temple
  7146 | D:6      | Found a runed translucent door.
  7428 | D:7      | Found Akeytr Bemo's Weapon Shoppe.
  7746 | D:7      | Reached skill level 9 in Necromancy
  8217 | D:8      | Reached skill level 5 in Spellcasting
  8266 | D:8      | Found a runed translucent gate.
  8266 | D:8      | Found a runed translucent gate.
  8266 | D:8      | Found a runed translucent gate.
  8272 | D:8      | Noticed spaghetti's ghost (novice DjCA)
  8280 | D:8      | Noticed a two-headed ogre
  8307 | D:8      | Killed a two-headed ogre
  8308 | D:8      | Reached skill level 5 in Fighting
  8308 | D:8      | Reached skill level 5 in Dodging
  8308 | D:8      | Reached skill level 1 in Evocations
  8602 | D:8      | Reached ** piety under Kikubaaqudgha
  8779 | D:8      | Reached XP level 10. HP: 74/74 MP: 14/17
  8809 | D:8      | Found a staircase to the Lair.
  9250 | D:8      | Found a broken altar of Ashenzari.
  9680 | D:8      | Noticed Pikel
 10044 | D:8      | Killed Pikel
 10045 | D:8      | Reached skill level 10 in Necromancy
 10517 | D:9      | Noticed a six-headed hydra
 10554 | D:9      | HP: 3/75 [six-headed hydra (9)]
 10554 | D:9      | Mangled by a six-headed hydra

Illustrated notes

Levels and vault maps discovered:
D:1:      ebering_hopf_link, layout_basic, serial_shops, shop, interstate_on_off
D:2:      layout_basic, serial_glass, glass_columns_a, glass_columns_a,
          glass_columns_a, shapermc_ecumenical_altar_notcrosses
D:3:      layout_basic, nicolae_vehumet_altar_sigil,
          mainiacjoe_overflow_small_starburst
D:4:      layout_basic, lemuel_zombie_altar_yredelemnul
D:5:      layout_cave_pods, mainiacjoe_overflow_catwalk, uniq_ijyb,
          uniq_grinder, uniq_sigmund
D:6:      layout_cave_pools, minmay_temple_entry_waves,
          chequers_serial_rivers_small_3, lightli_church_of_beogh
D:7:      layout_cave_pools, serial_shops, nicolae_shop_bloodbath_and_beyond,
          hangedman_misty_isle
D:8:      layout_gridville, evilmike_ruin_ashenzari, erik_lair_orcish_takeover,
          gammafunk_ghost_spectres, uniq_pikel
D:9:      layout_stronghold, old_standard_altar, mainiacjoe_overflow_chevrons,
          minmay_hollow_rounded_squares
Temple:   eino_narrow_crystal_temple

Skill      XL: |  1  2  3  4  5  6  7  8  9 10 |
---------------+-------------------------------+-----
Dodging        | 2 3 4 5 |  5.5
Fighting       | 1 2 3 4 5 |  5.6
Necromancy     | 5 6 7 8 9 10 | 10.1
Maces & Flails | 1 2 3 4 |  4.9
Spellcasting   | 3 4 5 |  5.5
Armour         | 1 2 3 |  3.3
Shields        | 1 2 3 |  3.3
Evocations     | 1 2 |  2.3
Stealth        | |  1.7

Action                   |  1- 3 |  4- 6 |  7- 9 | 10-12 || total
-------------------------+-------+-------+-------+-------++-------
Melee: Dagger            |    86 |   137 |   245 |    56 ||   524
       Headbutt          |    14 |    14 |    40 |    12 ||    80
       Punch             |       |     3 |     3 |       ||     6
       Flail             |       |       |     7 |       ||     7
 Fire: Hunting sling     |     8 |     2 |     4 |       ||    14
 Cast: Pain              |     2 |       |       |       ||     2
       Vampiric Draining |       |     7 |    56 |    33 ||    96
       Animate Dead      |       |     1 |     1 |     1 ||     3
  Use: Scroll            |       |     1 |     5 |       ||     6
       Potion            |       |       |       |     1 ||     1
 Stab: Sleeping          |     5 |     6 |     1 |     1 ||    13
       Distracted        |     1 |       |       |       ||     1
Armor: Robe              |     5 |       |       |       ||     5
       Leather armour    |     8 |    31 |    31 |       ||    70
       Steam dragon scal |       |       |     9 |    22 ||    31
Dodge: Dodged            |    39 |    68 |   103 |    53 ||   263
Block: Other             |       |       |    18 |       ||    18
       Buckler           |       |       |    89 |       ||    89
       Kite shield       |       |       |    29 |   168 ||   197
       Reflection        |       |       |     3 |       ||     3

Table legend: (Time is in decaauts)
 A = Elapsed time spent in this place.
 B = Non-inter-level travel time spent in this place.
 C = Inter-level travel time spent in this place.
 D = Time resting spent in this place.
 E = Time spent auto-exploring this place.
 F = Levels seen in this place.
 G = Mean time per level.
                   A        B        C        D        E       F      G
               +--------+--------+--------+--------+--------+-----+--------+
         Total |  10583 |  10406 |    177 |   1145 |   7280 |  10 | 1058.3 |
       Dungeon |  10363 |  10186 |    177 |    926 |   7280 |   9 | 1151.4 |
        Temple |    220 |    220 |      0 |    219 |      0 |   1 |  220.0 |
               +--------+--------+--------+--------+--------+-----+--------+

Top non-repeatable levels by time:
     D:8: 1727 daAuts
     D:5: 1613 daAuts
     D:3: 1330 daAuts
     D:4: 1159 daAuts
     D:1: 1145 daAuts
     D:2: 1045 daAuts
     D:7: 899 daAuts
     D:6: 892 daAuts
     D:9: 549 daAuts
  Temple: 220 daAuts
